AoeStats
← BenJames

Hideout

503311457Analyzed
4v4 RM · 1mo ago on Aug 31, 2026· 55m 3s· 8 players
Game mode
Random Map
Map size
Large (8 player)
Population
200
Speed
Normal
Resources
Standard
Victory
Conquest
Starting age
Dark Age
Ending age
Imperial Age
RankedLock teamsTeams togetherTeam positionsShared explorationLock speedFull tech treeHidden civsTurbo modeCheats
Victory
Defeat
🇬🇹 Maya · Guatemala
1162
+15
🇲🇽 Franks · Mexico
1140
+16
🇲🇽 Magyars · Mexico
1136
+16
🇲🇽 Ethiopians · Mexico
1109
+17
🇨🇱 Japanese · Chile
1171
-18
🇨🇴 Mongols · Colombia
1170
-18
🇦🇷 Malay · Argentina
1122
-22
🇨🇱 Khmer · Chile
1084
-14
DevilRunner
5:26 Loom
5:34 Loom
8:37 Feudal Age
9:12 Double-Bit Axe
15:00 Horse Collar
17:27 Wheelbarrow
21:54 Castle Age
20:05 Scale Barding Armor
22:10 Bloodlines
22:07 Gold Mining
24:01 Chain Barding Armor
24:00 Husbandry
37:08 Imperial Age
37:14 Cavalier
39:14 Plate Barding Armor
40:18 Paladin
44:41 Gold Shaft Mining
48:57 Light Cavalry
Dinospunker
7:05 Loom
9:49 Feudal Age
10:03 Man-at-Arms
11:07 Double-Bit Axe
11:36 Arson
20:39 Castle Age
19:37 Fletching
19:48 Padded Archer Armor
19:34 Horse Collar
19:47 Gold Mining
20:50 Crossbowman
21:25 Bodkin Arrow
22:24 Leather Archer Armor
23:19 Bow Saw
26:54 Town Watch
27:47 Heavy Plow
32:57 Imperial Age
31:11 Ballistics
34:50 Chemistry
34:20 Bracer
34:54 Scale Mail Armor
35:04 Forging
35:32 Arbalester
38:38 Wheelbarrow
38:22 Chain Mail Armor
38:42 Iron Casting
39:55 Plate Mail Armor
41:56 Two-Man Saw
42:59 Blast Furnace
42:43 Squires
42:31 Halberdier
44:04 Hand Cart
44:46 Elite Skirmisher
46:44 Ring Archer Armor
46:24 Thumb Ring
48:52 Masonry
50:20 Siege Engineers
50:46 Architecture
50:26 Stone Mining
53:47 Conscription
53:27 Royal Heirs
54:18 Scale Barding Armor
54:15 Murder Holes
56:18 Gold Shaft Mining
56:18 Stone Shaft Mining
JU ju Ju
12:02 Feudal Age
14:19 Double-Bit Axe
16:51 Castle Age
15:16 Gold Mining
16:24 Forging
19:15 Bow Saw
25:59 Wheelbarrow
25:46 Scale Barding Armor
27:20 Iron Casting
29:17 Gold Shaft Mining
29:37 Loom
30:08 Hand Cart
30:09 Fletching
32:58 Husbandry
36:15 Hand Cart
37:42 Chain Barding Armor
42:40 Imperial Age
42:42 Cavalier
44:07 Plate Barding Armor
44:24 Town Watch
44:09 Paladin
46:31 Conscription
52:27 Blast Furnace
Jaffeth15
0:36 Loom
11:13 Feudal Age
11:57 Double-Bit Axe
15:01 Town Watch
15:55 Wheelbarrow
16:19 Fletching
22:57 Castle Age
21:50 Padded Archer Armor
21:36 Horse Collar
21:49 Gold Mining
23:04 Crossbowman
25:44 Bow Saw
25:35 Bodkin Arrow
34:34 Heavy Plow
34:28 Stone Mining
39:27 Imperial Age
39:24 Stone Shaft Mining
39:28 Thumb Ring
40:30 Conscription
40:42 Arbalester
42:10 Hand Cart
43:44 Chemistry
43:07 Ballistics
43:48 Chemistry
49:22 Conscription
51:08 Bracer
51:23 Leather Archer Armor
52:09 Treadmill Crane
53:55 Ring Archer Armor
53:24 Elite Skirmisher
AsadoFree
7:08 Loom
9:16 Feudal Age
9:33 Loom
9:36 Double-Bit Axe
20:48 Fletching
23:17 Castle Age
28:53 Bodkin Arrow
35:58 Imperial Age
33:40 Husbandry
33:37 Horse Collar
35:48 Wheelbarrow
37:15 Bracer
38:07 Forging
38:46 Scale Barding Armor
39:47 Iron Casting
BenJames
4:34 Loom
11:39 Feudal Age
15:36 Castle Age
16:12 Forging
16:09 Double-Bit Axe
16:29 Horse Collar
20:11 Bloodlines
21:30 Wheelbarrow
21:32 Husbandry
23:47 Heavy Plow
24:25 Bow Saw
24:54 Scale Barding Armor
28:10 Iron Casting
28:02 Gold Mining
30:03 Chain Barding Armor
35:24 Fletching
40:33 Imperial Age
41:32 Elite Steppe Lancer
45:44 Hand Cart
45:54 Bodkin Arrow
47:23 Heavy Camel Rider
Calcetin
5:34 Loom
10:05 Feudal Age
15:50 Castle Age
14:25 Double-Bit Axe
23:30 Horse Collar
25:39 Town Watch
31:19 Gold Mining
39:27 Imperial Age
36:41 Pikeman
39:57 Scale Mail Armor
41:19 Chemistry
42:46 Elite Ballista Elephant
47:41 Ballistics
50:23 Bow Saw
Tesorito
0:38 Loom
12:19 Feudal Age
16:13 Castle Age
14:42 Double-Bit Axe
17:53 Wheelbarrow
19:44 Bow Saw
21:11 Gold Mining
22:51 Scale Mail Armor
23:02 Forging
24:37 Forging
24:21 Town Watch
27:14 Iron Casting
28:08 Chain Mail Armor
31:53 Hand Cart
31:38 Town Patrol
35:58 Imperial Age
33:07 Pikeman
34:48 Squires
34:33 Arson
34:34 Gambesons
38:25 Halberdier
40:10 Conscription
41:12 Ballistics
43:13 Chemistry
45:31 Elite Samurai
Connection lost

Rejoining the realm…

Still unreachable

The connection could not be restored.

Session expired

The server has moved on; the page needs a fresh start.